 Dungeon Crawl Stone Soup version 0.30-a0-908-g5a111fc481 (webtiles) character file.

Game seed: 582328081505803662

332 mopl the Chopper (level 6, -10/47 HPs)
             Began as a Demonspawn Gladiator on Mar 19, 2023.
             Mangled by Duvessa
             ... wielding a +0 short sword
              (14 damage)
             ... on level 5 of the Dungeon.
             The game lasted 00:03:36 (2851 turns).

mopl the Chopper (Demonspawn Gladiator)             Turns: 2851, Time: 00:03:37

Health: -10/47     AC:  9    Str: 16    XL:     6   Next: 26%
Magic:  6/6        EV: 11    Int:  9    God:
Gold:   198        SH:  4    Dex: 15    Spells: 5/5 levels left

rFire   . . .      SeeInvis .    a - +0 war axe
rCold   . . .      Faith    .    (no shield)
rNeg    . . .      Spirit   .    k - +0 scale mail
rPois   .          Reflect  .    (helmet restricted)
rElec   .          Rampage  .    j - +0 cloak
rCorr   .                        i - +1 pair of gloves
Will    .....                    (no boots) Stlth
                                 (no amulet)
HPRegen 0.27/turn                (no ring)
MPRegen 0.10/turn                (no ring)

@: no status effects
A: horns 1, condensation shield, weakness stinger 1
a: no special abilities


You were on level 5 of the Dungeon.
You visited 1 branch of the dungeon, and saw 5 of its levels.

You collected 198 gold pieces.

Inventory:

Hand Weapons
 a - a +0 war axe (weapon)
Missiles
 d - a throwing net (quivered)
 e - a javelin
Armour
 i - a +1 pair of gloves (worn)
 j - a +0 cloak (worn)
 k - a +0 scale mail (worn)
 n - an orb of mayhem
Scrolls
 b - 4 scrolls of identify {unknown}
 c - a scroll of fear {unknown}
 g - 2 scrolls of teleportation {unknown}
 m - 2 scrolls of enchant weapon {unknown}
 o - a scroll of silence {unknown}
 p - a scroll of butterflies {unknown}
 q - a scroll of amnesia {unknown}
Potions
 f - 2 potions of brilliance {unknown}
 h - 2 potions of heal wounds {unknown}
 l - a potion of curing {unknown}
 r - 2 potions of resistance {unknown}
 s - 2 potions of degeneration {unknown}
 t - a potion of haste {unknown}
 u - a potion of attraction {unknown}


   Skills:
 + Level 3.4 Fighting
 * Level 4.5 Axes
 - Level 1.7 Throwing
 + Level 2.3 Armour
 + Level 3.7 Dodging


You had 5 spell levels left.
You didn't know any spells.
Your spell library contained the following spells:

 Spells                   Type           Power      Damage    Failure   Level
 Ignite Poison            Fire/Tmut/Pois 0%         N/A       99%         3
 Kindle Blastsparks       Fire/Tloc/Air  0%         2d10      99%         3
 Ozocubu's Armour         Ice            0%         N/A       99%         3
 Stone Arrow              Conj/Erth      0%         3d7       99%         3
 Animate Armour           Summ/Erth      0%         N/A       100%        4
 Freezing Cloud           Conj/Ice/Air   0%         6-21      100%        5
 Ozocubu's Refrigeration  Ice            0%         4d7       100%        7
 Lehudib's Crystal Spear  Conj/Erth      0%         10d2      100%        8


Dungeon Overview and Level Annotations

Branches:
Dungeon (5/15)
 Temple: D:4-7

Altars:
Ashenzari

Annotations:
D:5 Duvessa


Innate Abilities, Weirdness & Mutations

You have a pair of small horns on your head.
A meltable shield of frost defends you. (SH +4)
You have a small tail.


Message History

No target in view!
No target in view!
No target in view!
No target in view!
You hear a shout!
You hear a shout!
You hear a shout!
You hear a shout!
You hear a shout!
Found a hand axe.
You hear a shout!
You hear a shout!
Duvessa is nearby!
Duvessa rages.
You hear a shout!
Duvessa attacks as you move away! Duvessa hits you with a +0 short sword!
You block Duvessa's attack. Duvessa attacks as you move away!
Duvessa closely misses you. Duvessa hits you with a +0 short sword.
Duvessa attacks as you move away! Duvessa barely misses you.
Duvessa attacks as you move away! Duvessa closely misses you.
Duvessa hits you but does no damage.
You hear a shout!
Duvessa hits you with a +0 short sword. Duvessa hits you with a +0 short sword!
Duvessa attacks as you move away! You block Duvessa's attack.
Duvessa hits you with a +0 short sword.
Duvessa rages.
Duvessa hits you with a +0 short sword!
* * * LOW HITPOINT WARNING * * *
Duvessa attacks as you move away! Duvessa closely misses you.
Duvessa hits you with a +0 short sword.
* * * LOW HITPOINT WARNING * * *
There is an escape hatch in the floor, spattered with blood here.
Duvessa closely misses you.
You slide downwards.
The hatch slams shut behind you.
The hound barks!
Found an escape hatch in the ceiling.
You closely miss Duvessa. Duvessa hits you with a +0 short sword!
You die...

##### #...#
#.h.# #...#
#@..#
......e..<+
#######...#
#...# #...#
#####


You could see Duvessa (berserk) and a hound.

Vanquished Creatures
  A scorpion (D:3)
  Dowan (D:4)
  A jelly (D:4)
  An orc priest (D:3)
  An orc wizard (D:3)
  3 gnolls (D:4)
  2 adders
  A shadow imp (D:4)
  An ufetubus (D:4)
  2 dart slugs
  3 orcs (D:3)
  An endoplasm (D:2)
  4 giant cockroaches
  9 hobgoblins
  7 jackals
  3 kobolds
  3 quokkas
  10 ball pythons
  7 bats
  9 goblins
  2 rats
72 creatures vanquished.

Vanquished Creatures (others)
  10 fungi (D:4)
  5 plants (D:4)
15 creatures vanquished.

Grand Total: 87 creatures vanquished

Notes
Turn   | Place    | Note
-------+----------+-------------------------------------------
     0 | D:1      | mopl the Demonspawn Gladiator began the quest for the Orb.
     0 | D:1      | Reached XP level 1. HP: 16/16 MP: 1/1
   290 | D:1      | Gained mutation: A meltable shield of frost defends you.
                  | (SH +4) [demonic ancestry]
   290 | D:1      | Reached XP level 2. HP: 22/22 MP: 2/2
   321 | D:1      | Reached skill level 3 in Axes
   688 | D:1      | Found a faded altar of an unknown god.
   855 | D:2      | Reached skill level 3 in Dodging
   855 | D:2      | Discovered your monstrous ancestry.
   855 | D:2      | Gained mutation: You have a small tail. [demonic ancestry]
   855 | D:2      | Reached XP level 3. HP: 27/28 MP: 3/3
   916 | D:2      | Reached skill level 1 in Armour
  1127 | D:2      | Identified the +2 leather armour of Least Resistance {-Tele
                  | rElec rF- Stlth+}
  1707 | D:3      | Reached XP level 4. HP: 20/34 MP: 4/4
  1896 | D:4      | Noticed Dowan
  1979 | D:4      | Reached XP level 5. HP: 21/40 MP: 5/5
  1979 | D:4      | Killed Dowan
  1980 | D:4      | Reached skill level 3 in Fighting
  1980 | D:4      | Reached skill level 4 in Axes
  2062 | D:4      | Found a broken altar of Ashenzari.
  2084 | D:4      | Noticed Duvessa
  2090 | D:3      | Reached skill level 2 in Armour
  2092 | D:3      | Gained mutation: You have a pair of small horns on your
                  | head. [demonic ancestry]
  2092 | D:3      | Reached XP level 6. HP: 37/47 MP: 6/6
  2850 | D:5      | Entered Level 5 of the Dungeon
  2851 | D:5      | Mangled by Duvessa

Illustrated notes

Levels and vault maps discovered:
D:1:      minmay_arrival_checkered_box, layout_loops_ring,
          ebering_ecumenical_altar_abandoned
D:2:      layout_loops_cross
D:3:      layout_loops_cross
D:4:      layout_loops_cross, mainiacjoe_overflow_boulevard,
          chequers_mini_garden, corexii_corridor_pit,
          dreamdust_mushroom_princess, uniq_duvessa
D:5:      layout_basic, mainiacjoe_overflow_big_doors, uniq_pikel

Skill      XL: |  1  2  3  4  5 |
---------------+----------------+-----
Axes           | 3 4 |  4.5
Dodging        | 3 |  3.7
Armour         | 1 2 |  2.3
Fighting       | 3 |  3.4
Throwing       | |  1.7

Action                     |  1- 3 |  4- 6 || total
---------------------------+-------+-------++-------
  Melee: War axe           |   123 |    55 ||   178
         Tailslap          |     4 |     8 ||    12
         Punch             |       |     1 ||     1
         Headbutt          |       |     3 ||     3
  Throw: Throwing net      |       |     2 ||     2
 Armour: Leather armour    |    12 |       ||    12
         Scale mail        |    53 |    29 ||    82
  Dodge: Dodged            |    76 |    37 ||   113
  Block: Other             |    27 |    15 ||    42

Table legend: (Time is in decaauts)
 A = Elapsed time spent in this place.
 B = Non-inter-level travel time spent in this place.
 C = Inter-level travel time spent in this place.
 D = Time resting spent in this place.
 E = Time spent auto-exploring this place.
 F = Levels seen in this place.
 G = Mean time per level.
                   A        B        C        D        E       F      G
               +--------+--------+--------+--------+--------+-----+--------+
         Total |   2909 |   2841 |     68 |    497 |   1726 |   5 |  581.8 |
       Dungeon |   2909 |   2841 |     68 |    497 |   1726 |   5 |  581.8 |
               +--------+--------+--------+--------+--------+-----+--------+

Top non-repeatable levels by time:
     D:3: 957 daAuts
     D:1: 722 daAuts
     D:4: 692 daAuts
     D:2: 536 daAuts
     D:5: 0 daAuts
